 Dungeon Crawl Stone Soup version 0.29-a0-472-ge5599a681e (webtiles) character file.

Game seed: 6239386233381127239

5512 pokeman the Thaumaturge (level 10, -14/56 HPs)
             Began as a Deep Elf Hedge Wizard on May 22, 2022.
             Was a Follower of Vehumet.
             Demolished by Urug
             ... wielding a +3 demon trident
              (23 damage)
             ... on level 10 of the Dungeon.
             The game lasted 00:30:15 (10988 turns).

pokeman the Thaumaturge (Deep Elf Hedge Wizard)    Turns: 10988, Time: 00:30:16

Health: -14/56     AC: 11    Str:  7    XL:     10   Next: 43%
Magic:  11/29      EV: 13    Int: 24    God:    Vehumet [*.....]
Gold:   427        SH:  0    Dex: 20    Spells: 23/35 levels left

rFire   + . .      SeeInvis .   L - +11 mace of Eddewur {holy, Fly rElec}
rCold   . . .      Faith    .   (no shield)
rNeg    . . .      Spirit   .   y - +0 leather armour
rPois   +          Reflect  .   z - +2 hat
rElec   +          Harm     .   (no cloak)
rCorr   .          Rampage  +   E - +2 pair of gloves
Will    +....                   p - +2 pair of boots {rampage}
Stlth   ++........              a - amulet of the acrobat
HPRegen 0.18/turn               i - +6 ring of dexterity
MPRegen 0.21/turn               M - ring of Udodobeh {rPois rF+}

@: flying
A: no striking features
a: Renounce Religion


You were on level 10 of the Dungeon.
You worshipped Vehumet.
Vehumet was aware of your devotion.
You visited 2 branches of the dungeon, and saw 11 of its levels.
You also visited: Sewer.

You collected 427 gold pieces.

Inventory:

Hand Weapons
 f - the +6 flail of Gallantry {freeze, Int+6}
   (You found it on level 5 of the Dungeon)

   It freezes those it strikes, dealing additional cold damage.
   It can also slow down cold-blooded creatures.
   Int:       It affects your intelligence (+6).
 H - the +10 long sword of Analysis {vamp, Drain Str+3 Stlth+}
   (You found it on level 6 of the Dungeon)

   It occasionally heals its wielder for a portion of the damage dealt when it
   wounds a living foe.
   Str:       It affects your strength (+3).
   Drain:     It drains your maximum health when unequipped.
   Stlth:     It makes you more stealthy.
 L - the +11 mace of Eddewur (weapon) {holy, Fly rElec}
   (You found it on level 7 of the Dungeon)

   It has been blessed by the Shining One to cause great damage to the undead
   and demons.
   rElec:     It insulates you from electricity.
   Fly:       It grants you flight.
 O - a +0 hand crossbow
Armour
 p - a +2 pair of boots of rampaging (worn)
 y - a +0 leather armour (worn)
 z - a +2 hat (worn)
 E - a +2 pair of gloves (worn)
Magical Staves
 o - a staff of conjuration
Jewellery
 a - an amulet of the acrobat (around neck)
 b - a ring of positive energy
 c - a ring of wizardry
 i - a +6 ring of dexterity (left hand)
 m - the amulet of Arual {Spirit Will+ Int-3 Dex+2}
   (You found it on level 2 of the Dungeon)

   [amulet of guardian spirit]

   It causes incoming damage to be divided between your reserves of health and
   magic.
   Int:       It affects your intelligence (-3).
   Dex:       It affects your dexterity (+2).
   Will:      It increases your willpower.
 x - a ring of ice
 M - the ring of Udodobeh (right hand) {rPois rF+}
   (You found it on level 7 of the Dungeon)

   [ring of poison resistance]

   rF:        It protects you from fire.
   rPois:     It protects you from poison.
Wands
 B - a wand of acid (13)
 F - a wand of iceblast (18)
Scrolls
 g - 3 scrolls of summoning {unknown}
 j - 5 scrolls of blinking {unknown}
 k - 2 scrolls of fog {unknown}
 n - 4 scrolls of teleportation {unknown}
 q - 2 scrolls of amnesia {unknown}
 t - 5 scrolls of identify {unknown}
 v - 2 scrolls of poison {unknown}
 C - a scroll of enchant weapon {unknown}
 D - 2 scrolls of fear {unknown}
 G - a scroll of enchant armour {unknown}
 K - a scroll of acquirement {unknown}
 N - a scroll of noise {unknown}
Potions
 d - 4 potions of magic
 e - 2 potions of attraction {unknown}
 h - a potion of flight {unknown}
 l - 3 potions of degeneration {unknown}
 r - 2 potions of curing {unknown}
 s - 2 potions of heal wounds
 u - 3 potions of haste {unknown}
 w - 2 potions of might {unknown}
 A - a potion of ambrosia {unknown}
 I - a potion of resistance {unknown}
 J - a potion of berserk rage {unknown}
 P - a potion of lignification {unknown}


   Skills:
 - Level 4.0 Fighting
 + Level 3.4 Armour
 - Level 3.0 Dodging
 - Level 3.0 Stealth
 * Level 13.4 Spellcasting
 + Level 7.7 Conjurations
 - Level 1.1 Summonings
 - Level 1.1 Translocations
 + Level 6.9 Fire Magic
 - Level 1.2 Air Magic
 - Level 1.0 Poison Magic
 - Level 1.0 Evocations


You had 23 spell levels left.
You knew the following spells:

 Your Spells              Type           Power      Damage    Failure   Level
a - Magic Dart            Conj           100%       1d8       1%          1
b - Mephitic Cloud        Conj/Pois/Air  32%        N/A       4%          3
c - Call Imp              Summ           21%        N/A       5%          2
d - Blink                 Tloc           42%        N/A       5%          2
e - Conjure Flame         Conj/Fire      51%        6-21      1%          3
f - Foxfire               Conj/Fire      100%       2x1d9     1%          1

Your spell library contained the following spells:

 Spells                   Type           Power      Damage    Failure   Level
 Summon Small Mammal      Summ           84%        N/A       3%          1
 Inner Flame              Hex/Fire       32%        N/A       3%          3
 Slow                     Hex            64%        N/A       5%          1
 Call Canine Familiar     Summ           21%        N/A       11%         3
 Summon Guardian Golem    Hex/Summ       18%        N/A       13%         3
 Cause Fear               Hex            8%         N/A       47%         4
 Discord                  Hex            8%         N/A       100%        8


Dungeon Overview and Level Annotations

Branches:
Dungeon (10/15)            Temple (1/1) D:7             Orc (0/2) D:9
  Sewer (visited)
   Lair: D:8-11

Altars:
Kikubaaqudgha
Qazlal
Sif Muna
Uskayaw
Vehumet

Annotations:
D:10 Urug


Message History

You swap places.
Urug is engulfed in blazing flames.
Unknown command.
Urug is engulfed in blazing flames.
What are your orders? t - Shout!
Orders for allies: a - Attack new target. r - Retreat! s - Stop attacking. g - Guard the area. f - Follow me.
Anything else - Cancel.
You shout for attention!
Urug drinks a potion.
Urug is healed!
Urug is engulfed in blazing flames.
Your shadow imp hits Urug but does no damage.
Urug is engulfed in blazing flames.
Urug seems less confused.
Urug is engulfed in blazing flames.
Your shadow imp closely misses Urug.
Urug is engulfed in blazing flames.
Urug throws a javelin.
The javelin pierces through your shadow imp!
The javelin pierces through you!
Your shadow imp hits Urug but does no damage.
Urug is engulfed in blazing flames.
Urug closely misses you.
Your shadow imp closely misses Urug.
Urug is engulfed in blazing flames.
Urug hits you from afar with a +3 demon trident!!
* * * LOW HITPOINT WARNING * * *
Your shadow imp hits Urug but does no damage.
Unknown command.
Urug is engulfed in blazing flames.
Urug hits your shadow imp with a +3 demon trident!!
Your shadow imp dies!
Your shadow imp disappears in a puff of smoke!
Unknown command.
You rampage towards Urug!
You barely miss Urug.
Urug shouts!
Urug is almost dead.
Urug is engulfed in blazing flames.
Urug closely misses you.
Urug is engulfed in blazing flames.
Urug squints, then shrugs and mutters, "Close enough."
Urug hits you with a +3 demon trident!!
You die...

.> #.....#
#.....#
#.....#
#.....#
#.....#
###.###
#.# #.#
#@# #o#
#ยง# #.#
#.# # #.#
....####.#
#.......#
#.#######


You could see Urug.

Vanquished Creatures
  A hydra (D:8)
  2 kobold demonologists (D:9)
  A hornet (D:9)
  2 dream sheep (D:8)
  A shadow (D:9)
  2 orc warriors
  An ice beast (D:7)
  2 black bears
  2 ogres (D:6)
  3 centaurs
  7 kobold brigands
  3 bullfrogs
  2 necrophages
  A scorpion (D:7)
  8 wights
  10 killer bees
  2 howler monkeys (D:9)
  An electric eel (D:9)
  4 hounds
  An orc priest (D:6)
  A jelly (D:7)
  Jessica (D:2)
  6 iguanas
  6 orc wizards
  Natasha (thrice) (D:1)
  9 adders
  A shadow imp (D:5)
  A white imp (D:5)
  An ufetubus (D:6)
  4 worms
  3 dart slugs
  12 orcs
  5 endoplasms
  5 giant cockroaches
  8 goblins
  10 hobgoblins
  7 jackals (D:4)
  26 kobolds
  A quokka (D:1)
  9 ball pythons
  6 bats
  11 frilled lizards
  11 rats
203 creatures vanquished.

Vanquished Creatures (collateral kills)
  2 killer bees
  An iguana (D:4)
  The ghost of jlumianski the Sneak, a weakling DsDe (D:5)
  An endoplasm (D:4)
  A giant cockroach (D:3)
6 creatures vanquished.

Vanquished Creatures (others)
  An unseen horror (D:10)
  99 foxfires
  12 plants
112 creatures vanquished.

Grand Total: 321 creatures vanquished

Notes
Turn   | Place    | Note
-------+----------+-------------------------------------------
     0 | D:1      | pokeman the Deep Elf Hedge Wizard began the quest for the
                  | Orb.
     0 | D:1      | Reached XP level 1. HP: 10/10 MP: 7/7
   219 | D:1      | Reached XP level 2. HP: 15/15 MP: 7/9
   563 | D:1      | Reached skill level 5 in Spellcasting
  1053 | D:2      | Noticed Natasha
  1103 | D:2      | Found a faded altar of an unknown god.
  1164 | D:2      | Noticed Jessica
  1170 | D:2      | Reached XP level 3. HP: 17/20 MP: 6/11
  1186 | D:1      | Learned a level 3 spell: Mephitic Cloud
  1189 | D:1      | Learned a level 2 spell: Call Imp
  1192 | D:1      | Learned a level 2 spell: Blink
  1196 | D:1      | Learned a level 3 spell: Conjure Flame
  1376 | D:1      | Killed Natasha
  1377 | D:1      | Reached skill level 1 in Fighting
  1377 | D:1      | Reached skill level 1 in Armour
  1837 | D:1      | Noticed Natasha
  1847 | D:1      | Killed Natasha
  1848 | D:1      | Reached XP level 4. HP: 22/25 MP: 9/13
  2086 | D:1      | Noticed Natasha
  2090 | D:1      | Killed Natasha
  2208 | D:2      | Reached skill level 1 in Fire Magic
  2297 | D:2      | Identified the amulet of Arual {Spirit Will+ Int-3 Dex+2}
  2382 | D:2      | Killed Jessica
  2383 | D:2      | Reached skill level 6 in Spellcasting
  2383 | D:2      | Reached XP level 5. HP: 19/29 MP: 10/15
  2949 | D:3      | Found a glowing drain.
  3044 | Sewer    | Entered a sewer
  3268 | Sewer    | Reached skill level 1 in Air Magic
  3268 | Sewer    | Reached XP level 6. HP: 34/34 MP: 4/17
  3453 | Sewer    | Reached skill level 7 in Spellcasting
  4085 | D:4      | Reached skill level 1 in Evocations
  4103 | D:4      | Reached skill level 1 in Poison Magic
  4220 | D:4      | Found a stormy altar of Qazlal.
  4983 | D:5      | Entered Level 5 of the Dungeon
  5032 | D:5      | Reached XP level 7. HP: 38/38 MP: 7/20
  5175 | D:5      | Identified the +6 flail of Gallantry {freeze, Int+6}
  5424 | D:5      | Reached skill level 8 in Spellcasting
  5458 | D:5      | Found a runed translucent door.
  5465 | D:5      | Noticed jlumianski's ghost (weakling DsDe)
  6221 | D:5      | Killed jlumianski's ghost
  6389 | D:6      | Reached XP level 8. HP: 42/44 MP: 20/22
  6415 | D:6      | Reached skill level 9 in Spellcasting
  6755 | D:6      | Reached skill level 5 in Conjurations
  6842 | D:6      | Identified the +10 long sword of Analysis {vamp, Drain
                  | Str+3 Stlth+}
  7326 | D:7      | Reached skill level 10 in Spellcasting
  7628 | D:7      | Found a staircase to the Ecumenical Temple.
  7636 | Temple   | Entered the Ecumenical Temple
  7658 | Temple   | Became a worshipper of Vehumet
  7742 | D:7      | Identified the +11 mace of Eddewur {holy, Fly rElec}
  7746 | D:7      | Identified the ring of Udodobeh {rPois rF+}
  8046 | D:7      | Reached XP level 9. HP: 48/48 MP: 10/25
  8573 | D:8      | Reached skill level 5 in Fire Magic
  8582 | D:8      | Reached skill level 11 in Spellcasting
  9024 | D:8      | Noticed a three-headed hydra
  9129 | D:8      | Killed a three-headed hydra
  9130 | D:8      | Reached skill level 12 in Spellcasting
  9534 | D:9      | Noticed a kobold demonologist
  9534 | D:9      | Noticed a kobold demonologist
  9551 | D:9      | Killed a kobold demonologist
  9596 | D:9      | Noticed a hellwing
  9596 | D:9      | Killed a kobold demonologist
  9597 | D:9      | Reached XP level 10. HP: 52/56 MP: 17/28
  9732 | D:9      | Found a staircase to the Orcish Mines.
  9843 | D:9      | Reached * piety under Vehumet
  9843 | D:9      | Offered knowledge of Foxfire by Vehumet.
  9848 | D:9      | Learned a level 1 spell: Foxfire
 10056 | D:9      | Reached skill level 13 in Spellcasting
 10763 | D:10     | Entered Level 10 of the Dungeon
 10964 | D:10     | Noticed Urug
 10988 | D:10     | Demolished by Urug

Illustrated notes

Levels and vault maps discovered:
D:1:      denvon_arrival_planthouse, layout_basic, serial_bayou_pond_a,
          chequers_arboretum, chequers_serial_rivers_marsh
D:2:      layout_rooms, nicolae_ecumenical_oubliette, kennysheep_generic_room_6,
          uniq_jessica, uniq_natasha
D:3:      layout_rooms, gup_sewer_entry_glass
D:4:      layout_basic, nicolae_qazlal_general_emergency
D:5:      layout_cave_pods, ebering_ghost_sewer_d, grunt_ministairs_6
D:6:      layout_basic
D:7:      layout_basic, minmay_temple_entry_large_hall
D:8:      layout_basic, hangedman_ranch
D:9:      layout_long_grid, orc_0_dummy, amcnicky_mini_pool_medium
D:10:     layout_loops_ring, dk_noncrumbling_3, uniq_harold, uniq_urug
Temple:   mainiacjoe_temple_circle_huts

Skill      XL: |  1  2  3  4  5  6  7  8  9 10 |
---------------+-------------------------------+-----
Spellcasting   | 5 6 7 8 10 12 13 | 13.4
Fighting       | 1 2 3 4 |  4.0
Armour         | 1 3 |  3.4
Conjurations   | 2 3 4 5 7 |  7.7
Fire Magic     | 1 3 4 6 |  6.9
Dodging        | 3 |  3.0
Stealth        | 3 |  3.0
Air Magic      | 1 |  1.2
Evocations     | 1 |  1.0
Poison Magic   | 1 |  1.0
Summonings     | |  1.1
Translocations | |  1.1

Action                   |  1- 3 |  4- 6 |  7- 9 | 10-12 || total
-------------------------+-------+-------+-------+-------++-------
Melee: Dagger            |     3 |       |       |       ||     3
       Staff             |       |    20 |     2 |       ||    22
       Punch             |       |     1 |     3 |       ||     4
       Flail             |       |       |    48 |       ||    48
       Mace              |       |       |    34 |    27 ||    61
 Fire: Hunting sling     |    20 |     8 |    47 |       ||    75
 Cast: Magic Dart        |    53 |   169 |   123 |     7 ||   352
       Mephitic Cloud    |     2 |     8 |    25 |     8 ||    43
       Conjure Flame     |       |     5 |    25 |     6 ||    36
       Call Imp          |       |     2 |     3 |     2 ||     7
       Blink             |       |       |     2 |       ||     2
       Foxfire           |       |       |       |    56 ||    56
 Stab: Confused          |       |     3 |    18 |     4 ||    25
Armor: Robe              |    10 |     5 |       |       ||    15
       Leather armour    |       |     8 |    23 |    16 ||    47
Dodge: Dodged            |    16 |    28 |    42 |    28 ||   114

Table legend: (Time is in decaauts)
 A = Elapsed time spent in this place.
 B = Non-inter-level travel time spent in this place.
 C = Inter-level travel time spent in this place.
 D = Time resting spent in this place.
 E = Time spent auto-exploring this place.
 F = Levels seen in this place.
 G = Mean time per level.
                   A        B        C        D        E       F      G
               +--------+--------+--------+--------+--------+-----+--------+
         Total |  11101 |  10436 |    665 |   1080 |   7284 |  12 |  925.1 |
       Dungeon |  10419 |   9782 |    637 |    995 |   6873 |  10 | 1041.9 |
        Temple |     44 |     16 |     28 |      0 |     10 |   1 |   44.0 |
         Sewer |    637 |    637 |      0 |     85 |    400 |   1 |  637.0 |
               +--------+--------+--------+--------+--------+-----+--------+

Top non-repeatable levels by time:
     D:1: 2099 daAuts
     D:5: 1394 daAuts
     D:9: 1342 daAuts
     D:7: 1255 daAuts
     D:8: 983 daAuts
     D:4: 925 daAuts
     D:6: 916 daAuts
     D:2: 758 daAuts
   Sewer: 637 daAuts
     D:3: 603 daAuts
    D:10: 138 daAuts
  Temple: 44 daAuts
